 Dungeon Crawl Stone Soup version 0.20.1-1-g8b1a95d (webtiles) character file.

5993 Folque the Destroyer (level 10, -9/63 HPs)
             Began as an Octopode Wizard on Dec 6, 2017.
             Was a Priest of Sif Muna.
             Mangled by a black mamba (11 damage)
             ... on level 1 of the Lair of Beasts on Dec 7, 2017.
             The game lasted 01:05:43 (14684 turns).

Folque the Destroyer (Octopode Wizard)             Turns: 14684, Time: 01:05:45

Health: -9/63      AC:  2    Str:  6    XL:     10   Next: 85%
Magic:  21/31      EV: 13    Int: 23    God:    Sif Muna [***...]
Gold:   462        SH:  0    Dex: 12    Spells: 17/25 levels left

rFire    . . .     SeeInvis .   J - +4 spear (pierce)
rCold    . . .     Gourm    .   G - +3 buckler
rNeg     . . .     Faith    +   a - +1 hat
rPois    .         Spirit   .   y - amulet of faith
rElec    .         Reflect  .   B - ring of magical power
rCorr    .         Harm     .   (no ring)
MR       .....                  (no ring)
Stlth    ++........             (no ring)
Regen    0.2/turn               (no ring)
MPRegen  0.3/turn               (no ring)
                                (no ring)
                                (no ring)

@: confused, lethally poisoned (-9 -> -58), flying, divine energy
A: almost no armour, stealthy swim, amphibious, 8 rings, constrict 8, camouflage
1, gelatinous body 1
a: Stop Divine Energy, Channel Magic, Renounce Religion


You were on level 1 of the Lair of Beasts.
You worshipped Sif Muna.
Sif Muna was most pleased with you.
You were very hungry.

You visited 3 branches of the dungeon, and saw 12 of its levels.
You also visited: Sewer.

You collected 462 gold pieces.

Inventory:

Hand Weapons
 e - a +0 short sword
 m - a +0 falchion
 r - a +1 whip of freezing
 J - a +4 spear of piercing (weapon)
Armour
 a - a +1 hat (worn)
 G - a +3 buckler (worn)
Jewellery
 u - a +4 amulet of reflection
 y - an amulet of faith (around mantle)
 B - a ring of magical power (left tentacle)
Wands
 k - a wand of confusion (0/48)
 K - a wand of flame (4/48)
 O - a wand of random effects (20/48)
Scrolls
 g - 2 scrolls of fear
 n - a scroll of enchant armour
 o - 2 scrolls of teleportation
 p - a scroll of magic mapping
 q - 2 scrolls of blinking {unknown}
 s - 2 scrolls of identify
 C - 3 scrolls of amnesia {unknown}
 E - 6 scrolls of remove curse
 F - a scroll of immolation {unknown}
 H - a scroll of recharging {unknown}
 P - a scroll of enchant weapon {unknown}
Potions
 d - a potion of ambrosia
 h - 2 potions of resistance {unknown}
 i - 4 potions of haste
 l - 3 potions of might
 z - a potion of mutation {unknown}
 A - a potion of flight
 I - 2 potions of lignification {unknown}
 L - 3 potions of brilliance {unknown}
 N - a potion of degeneration {unknown}
Books
 b - a book of Minor Magic

   Spells                             Type                      Level
   a - Magic Dart                     Conjuration                  1
   b - Blink                          Translocation                2
   c - Call Imp                       Summoning                    2
   d - Slow                           Hexes                        2
   e - Conjure Flame                  Conjuration/Fire             3
   f - Mephitic Cloud                 Conjuration/Poison/Air       3
 D - a book of Conjurations

   Spells                             Type                      Level
   a - Magic Dart                     Conjuration                  1
   b - Searing Ray                    Conjuration                  2
   c - Dazzling Spray                 Conjuration/Hexes            3
   d - Fulminant Prism                Conjuration/Hexes            4
   e - Force Lance                    Conjuration/Translocation    4
   f - Iskenderun's Mystic Blast      Conjuration                  4
 M - a book of Spatial Translocations

   Spells                             Type                      Level
   a - Blink                          Translocation                2
   b - Shroud of Golubria             Charms/Translocation         2
   c - Lesser Beckoning               Translocation                3
   d - Gell's Gravitas                Translocation                3
   e - Teleport Other                 Translocation                3
   f - Passage of Golubria            Translocation                4
Comestibles
 c - 8 bread rations
 f - 7 meat rations
 t - 4 royal jellies
 x - 2 fruits


   Skills:
 - Level 3.1 Fighting
 - Level 3.2 Long Blades
 - Level 2.0 Dodging
 - Level 2.6 Stealth
 - Level 5.4 Shields
 + Level 8.0 Spellcasting
 * Level 10.4 Conjurations
 - Level 3.1 Summonings
 - Level 1.0 Translocations
 - Level 3.0 Poison Magic
 - Level 3.1 Invocations


You had 17 spell levels left.
You knew the following spells:

 Your Spells              Type           Power        Failure   Level  Hunger
a - Magic Dart            Conj           ####         1%          1    None
b - Call Imp              Summ           ###.....     3%          2    None
c - Blink                 Tloc           N/A          7%          2    None
d - Mephitic Cloud        Conj/Pois/Air  ####....     3%          3    None


Dungeon Overview and Level Annotations

Branches:
Dungeon (10/15)            Temple (1/1) D:7            Lair (1/6) D:8
    Orc: D:9-12

Altars:
Ashenzari
Cheibriados
Dithmenos
Elyvilon
Fedhas
Gozag
Hepliaklqana
Kikubaaqudgha
Makhleb
Nemelex Xobeh
Okawaru
Qazlal
Ru
Sif Muna
Trog
Uskayaw
Vehumet
Xom
Yredelemnul
Zin
The Shining One

Annotations:
D:10 Urug


Innate Abilities, Weirdness & Mutations

You cannot wear most types of armour.
You are very stealthy in the water. (Stealth+)
You are amphibious.
You can wear up to eight rings at the same time.
You can use your tentacles to constrict eight enemies at once.
Your skin changes colour to match your surroundings (Stealth+).
Your rubbery body absorbs attacks. (AC +1, EV +1)


Message History

You constrict the black mamba.
* * * LOW HITPOINT WARNING * * *
You feel very sick. The black mamba misses you.
It was a potion of ambrosia.
You are confused.
You feel invigorated.
You constrict the black mamba.
* * * LOW HITPOINT WARNING * * *
You feel very sick. The black mamba bites you!
* * * LOW HITPOINT WARNING * * *
You are more poisoned.
The black mamba poisons you! The black mamba closely misses you.
It was a potion of flight.
You feel very buoyant.
You fly up into the air.
You constrict the black mamba.
* * * LOW HITPOINT WARNING * * *
You feel very sick. The black mamba bites you!
You die...

########..#####.....
......#...#...........
#....#............. .
#....#+#....#..... ..
#+#.##......###.#..#
..#
....(##.....#......#..
.....##.............#
.....#...8..##.....#
...8..#........8@.#
#.....#.....#l.S..#
##.......8..ยง....#.#
##.............####
###..8..>..8..##
#.##.........##
##.##....8...##
...##.#.....##
...##.###'.##


You could see a black mamba and a basilisk (confused).

Vanquished Creatures
  A two-headed ogre (D:8)
  Pikel (D:3)
  Joseph (D:8)
  2 spiny frogs (Lair:1)
  2 hippogriffs
  2 water moccasins
  3 porcupines
  An ice beast (D:7)
  2 orc warriors
  Purgy (Sewer)
  3 sky beasts
  A black bear (D:9)
  A phantom (D:8)
  6 ogres
  2 centaurs
  2 big kobolds
  2 crocodiles
  A gnoll sergeant (D:6)
  3 bullfrogs
  A water moccasin zombie (D:7)
  3 scorpions
  2 wights (D:8)
  A crimson imp (D:7)
  A centaur zombie (D:9)
  4 orc priests
  A bullfrog skeleton (D:7)
  A centaur skeleton (D:6)
  A hound (D:9)
  A jelly (D:6)
  12 orc wizards
  5 worker ants
  2 iguanas
  A hound zombie (D:8)
  3 hound skeletons
  A howler monkey zombie (D:6)
  12 gnolls
  A howler monkey skeleton (D:9)
  A river rat (D:3)
  5 adders
  A shadow imp (D:9)
  An adder zombie (D:8)
  A worm (D:2)
  3 dart slugs
  A leopard gecko (D:6)
  32 orcs
  8 giant cockroaches
  5 goblins
  10 hobgoblins
  5 jackals
  25 kobolds
  4 quokkas
  A ball python (D:3)
  6 bats
  4 frilled lizards
  A quokka skeleton (D:8)
  9 rats
  A butterfly (Lair:1)
  A plant (D:9)
215 creatures vanquished.

Vanquished Creatures (collateral kills)
  A porcupine (Lair:1)
  An ice beast (D:7)
  An ogre (D:4)
  A wight (D:8)
  A jelly (D:5)
  2 orc wizards
  An ooze (D:3)
  8 orcs
  5 kobolds (D:9)
  A rat (D:3)
  A fungus (D:8)
23 creatures vanquished.

Vanquished Creatures (others)
  2 slaves (D:5)
  8 fungi
  3 plants
13 creatures vanquished.

Grand Total: 251 creatures vanquished

Notes
Turn   | Place    | Note
-------+----------+-------------------------------------------
     0 | D:1      | Folque the Octopode Wizard began the quest for the Orb.
     0 | D:1      | Reached XP level 1. HP: 11/11 MP: 4/4
   536 | D:1      | Reached skill level 1 in Fighting
   536 | D:1      | Reached XP level 2. HP: 18/18 MP: 3/6
   540 | D:1      | Learned a level 2 spell: Call Imp
   543 | D:1      | Learned a level 2 spell: Blink
  1472 | D:2      | Reached XP level 3. HP: 19/24 MP: 7/7
  1477 | D:2      | Learned a level 3 spell: Mephitic Cloud
  1908 | D:2      | Found a faded altar of an unknown god.
  1929 | D:2      | Found a sacrificial altar of Ru.
  2278 | D:2      | Reached skill level 1 in Poison Magic
  2638 | D:3      | Reached XP level 4. HP: 23/29 MP: 9/9
  2844 | D:3      | Found a glowing drain.
  2937 | Sewer    | Entered a sewer
  3155 | Sewer    | Noticed Purgy
  3171 | Sewer    | Killed Purgy
  3171 | Sewer    | Reached skill level 2 in Conjurations
  3171 | Sewer    | Reached XP level 5. HP: 25/34 MP: 1/10
  3707 | D:3      | Found a bloodstained altar of Trog.
  4066 | D:4      | Reached skill level 3 in Conjurations
  4066 | D:4      | Reached XP level 6. HP: 38/39 MP: 6/12
  4217 | D:4      | Reached skill level 4 in Conjurations
  4364 | D:4      | Found a glowing golden altar of the Shining One.
  4366 | D:4      | Noticed an angel
  4481 | D:4      | Reached XP level 7. HP: 26/45 MP: 2/13
  4849 | D:4      | Reached skill level 5 in Conjurations
  5384 | D:4      | Found a basalt altar of Yredelemnul.
  5386 | D:4      | Noticed a profane servitor
  5701 | D:5      | Entered Level 5 of the Dungeon
  5756 | D:5      | Reached skill level 1 in Long Blades
  5865 | D:5      | Noticed Pikel
  6018 | D:3      | Killed Pikel
  6018 | D:3      | Reached skill level 5 in Spellcasting
  6018 | D:3      | Reached skill level 6 in Conjurations
  6018 | D:3      | Reached XP level 8. HP: 18/50 MP: 1/15
  7518 | D:6      | Reached skill level 7 in Conjurations
  8034 | D:6      | Found a radiant altar of Vehumet.
  8169 | D:6      | Reached skill level 1 in Shields
  8474 | D:7      | Found a staircase to the Ecumenical Temple.
  8496 | Temple   | Entered the Ecumenical Temple
  8599 | Temple   | Became a worshipper of Sif Muna the Loreminder
  8624 | D:7      | Reached XP level 9. HP: 56/56 MP: 11/17
  8720 | D:7      | Found a shadowy altar of Dithmenos.
  8815 | D:7      | Reached skill level 8 in Conjurations
  9529 | D:7      | Reached * piety under Sif Muna
  9859 | D:8      | Noticed Joseph
 10297 | D:8      | Killed Joseph
 10297 | D:8      | Reached skill level 5 in Shields
 10297 | D:8      | Reached skill level 9 in Conjurations
 10670 | D:8      | Reached XP level 10. HP: 59/63 MP: 9/19
 10794 | D:8      | Found a staircase to the Lair.
 10830 | D:8      | Noticed a two-headed ogre
 11050 | D:8      | Killed a two-headed ogre
 11050 | D:8      | Reached ** piety under Sif Muna
 11050 | D:8      | Reached skill level 10 in Conjurations
 11805 | D:9      | Found a hazy altar of Hepliaklqana.
 11892 | D:9      | Found a glowing silver altar of Zin.
 11928 | D:9      | Found a snail-covered altar of Cheibriados.
 12043 | D:9      | Reached skill level 1 in Invocations
 12393 | D:9      | Reached *** piety under Sif Muna
 13352 | D:10     | Entered Level 10 of the Dungeon
 13352 | D:10     | Noticed Urug
 13788 | Lair:1   | Entered Level 1 of the Lair of Beasts
 13902 | Lair:1   | Noticed a spiny frog
 14181 | Lair:1   | Noticed a spiny frog
 14209 | Lair:1   | Killed a spiny frog
 14236 | Lair:1   | HP: 3/63 [spiny frog (26)]
 14280 | Lair:1   | Killed a spiny frog
 14634 | Lair:1   | Noticed a black mamba
 14683 | Lair:1   | HP: 1/63 [black mamba (14)]
 14684 | Lair:1   | Mangled by a black mamba

Skill      XL: |  1  2  3  4  5  6  7  8  9 10 |
---------------+-------------------------------+-----
Fighting       | 1 2 3 |  3.1
Poison Magic   | 1 2 3 |  3.0
Conjurations   | 2 3 4 6 7 9 10 | 10.4
Spellcasting   | 4 5 6 8 |  8.0
Long Blades    | 3 |  3.2
Shields        | 1 5 |  5.4
Invocations    | 3 |  3.1
Summonings     | 3 |  3.1
Dodging        | |  2.0
Stealth        | |  2.6
Translocations | |  1.0

Action                   |  1- 3 |  4- 6 |  7- 9 | 10-12 || total
-------------------------+-------+-------+-------+-------++-------
Melee: Unarmed           |    13 |       |       |       ||    13
       Short sword       |    87 |    10 |       |       ||    97
       Constrict         |    24 |    34 |    44 |    33 ||   135
       Tentacles         |    11 |    14 |    35 |    27 ||    87
       Falchion          |       |    85 |    57 |       ||   142
       Spear             |       |       |   174 |   206 ||   380
       Whip              |       |       |    35 |       ||    35
 Cast: Magic Dart        |    32 |    23 |    39 |    60 ||   154
       Call Imp          |     1 |     5 |    10 |    47 ||    63
       Blink             |       |     4 |    10 |    19 ||    33
       Mephitic Cloud    |       |    11 |    60 |    40 ||   111
Invok: Divine Energy     |       |       |     1 |       ||     1
Evoke: Wand              |       |       |    10 |    15 ||    25
  Use: Scroll            |     3 |     1 |     6 |     9 ||    19
       Potion            |       |       |     2 |     7 ||     9
 Stab: Sleeping          |     5 |     8 |     5 |     2 ||    20
       Confused          |       |     3 |    18 |    11 ||    32
       Distracted        |       |       |       |     3 ||     3
  Eat: Chunk             |     5 |     7 |    18 |     9 ||    39
       Fruit             |       |       |     1 |     1 ||     2
       Royal jelly       |       |       |     1 |     1 ||     2
Armor: Skin              |     8 |     4 |     5 |     5 ||    22
Dodge: Dodged            |    57 |    61 |    69 |    60 ||   247
Block: Other             |       |     6 |    23 |       ||    29
       Reflection        |       |       |     2 |       ||     2
       Buckler           |       |       |       |    31 ||    31
       Rpst.: Falchion   |       |    16 |     5 |       ||    21
